 Dungeon Crawl Stone Soup version 0.25.0-65-g31bcc41 (webtiles) character file.

2068 Dorkslayer the Skirmisher (level 9, -1/57 HPs)
             Began as a Gargoyle Fighter on Nov 8, 2020.
             Killed by divine providence
             ... invoked by an orc priest
              (10 damage)
             ... on level 1 of the Dungeon.
             The game lasted 00:01:38 (270 turns).

Dorkslayer the Skirmisher (Gargoyle Fighter)         Turns: 270, Time: 00:01:39

Health: -1/57      AC: 14    Str: 22    XL:     9   Next: 26%
Magic:  9/9        EV:  8    Int: 10    God:
Gold:   67         SH: 10    Dex:  9    Spells: 8/8 levels left

rFire    . . .     SeeInvis .   j - +0 short sword (elec)
rCold    + . .     Gourm    .   c - +0 shield
rNeg     + . .     Faith    .   b - +0 scale mail
rPois    ∞         Spirit   .   (no helmet)
rElec    +         Reflect  .   (no cloak)
rCorr    .         Harm     .   (no gloves)
MR       .....                  (no boots)
Stlth    ..........             (no amulet)
HPRegen  0.19/turn              h - ring of protection from cold
MPRegen  0.11/turn              (no ring)

@: flying
A: negative energy resistance 1, electricity resistance, unbreathing,
petrification resistance, rot immunity, AC +6
a: no special abilities


You were on level 1 of the Dungeon.
You were not hungry.

You visited 1 branch of the dungeon, and saw 1 of its levels.

You collected 67 gold pieces.

Inventory:

Hand Weapons
 a - a +0 long sword
 j - a +0 short sword of electrocution (weapon)
Armour
 b - a +0 scale mail (worn)
 c - a +0 shield (worn)
Jewellery
 h - a ring of protection from cold (left hand)
Scrolls
 g - a scroll of blinking {unknown}
 i - a scroll of enchant weapon {unknown}
 k - a scroll of identify {unknown}
 m - a scroll of immolation {unknown}
Comestibles
 d - 5 chunks of flesh
 f - a ration


   Skills:
 + Level 7.5 Fighting
 + Level 3.8(4.7) Short Blades
 + Level 4.1(4.8) Long Blades
 + Level 7.3 Armour
 + Level 0.6 Dodging
 + Level 6.8 Shields


You had 8 spell levels left.
You didn't know any spells.
Your spell library was empty.

Dungeon Overview and Level Annotations

Branches:
Dungeon (1/3)
 Temple: D:1

Altars:
Sif Muna


Innate Abilities, Weirdness & Mutations

You are resistant to torment.
Your stone body is resilient. (AC +6)
You are immune to poison.
You resist negative energy. (rN+)
You are resistant to electric shocks. (rElec)
You can survive without breathing.
You are immune to petrification.
You are immune to rotting.


Message History

You hit the orc priest.
The orc priest is lightly wounded.
The orc priest barely misses you.
You puncture the orc priest!
The orc priest is severely wounded.
You hit the orc priest but do no damage.
The orc priest is severely wounded.
You block the orc priest's attack.
You hit the orc priest but do no damage.
The orc priest is severely wounded.
The orc priest hits you with a +0 dagger.
* * * LOW HITPOINT WARNING * * *
You hit the orc priest.
The orc priest is severely wounded.
The orc priest closely misses you.
Your shield prevents you from hitting the orc priest.
The orc priest is severely wounded.
The orc priest invokes the aid of Beogh against you.
Beogh smites you!
You die...

#.# #.# ## #. #.# . #.##
#.#.# #... #.#. #.#.###)#.
###.#. #########..........
...... ............# #...
#... ...#..#####.# ##...(.
#.. ......#####@#
[.....#####( .........##o#
##.....#..)..#
...o..(...o###..§..###...##
.$.........##.....#####(###
...#.#(##.#.....#......(..
#.)(##......###....<...
#..###.....#####.......
#.........#.....#.....#
#........###...###...##


You could see an orc priest and an orc.

Vanquished Creatures
  An orc warrior (D:1)
  A centaur (D:1)
  A bullfrog (D:1)
  A scorpion (D:1)
  2 crimson imps (D:1)
  A bullfrog skeleton (D:1)
  A killer bee zombie (D:1)
  A shadow imp (D:1)
  3 orcs (D:1)
  A quokka (D:1)
  A quokka zombie (D:1)
14 creatures vanquished.

Notes
Turn   | Place    | Note
-------+----------+-------------------------------------------
     0 | D:1      | Dorkslayer the Gargoyle Fighter began the quest for the
                  | Orb.
     0 | D:1      | Reached XP level 1. HP: 14/14 MP: 1/1
     8 | D:1      | Noticed a centaur
    21 | D:1      | Killed a centaur
    21 | D:1      | Reached skill level 5 in Fighting
    21 | D:1      | Reached skill level 5 in Armour
    21 | D:1      | Reached skill level 5 in Shields
    21 | D:1      | Reached XP level 2. HP: 8/21 MP: 2/2
    21 | D:1      | Reached XP level 3. HP: 10/26 MP: 3/3
    21 | D:1      | Reached XP level 4. HP: 13/31 MP: 4/4
    21 | D:1      | Reached XP level 5. HP: 14/35 MP: 5/5
    21 | D:1      | Reached XP level 6. HP: 16/40 MP: 6/6
    54 | D:1      | Reached XP level 7. HP: 22/44 MP: 7/7
   104 | D:1      | Found a deep blue altar of Sif Muna.
   197 | D:1      | Reached XP level 8. HP: 40/51 MP: 8/8
   206 | D:1      | Reached skill level 1 in Short Blades
   262 | D:1      | Reached XP level 9. HP: 9/57 MP: 9/9
   270 | D:1      | Killed from afar by an orc priest

Skill      XL: |  1  2  3  4  5  6  7  8 |
---------------+-------------------------+-----
Fighting       | 5 6 7 |  7.5
Long Blades    | 2 3 4 |  4.1
Armour         | 5 6 7 |  7.3
Shields        | 5 6 |  6.8
Short Blades   | 3 |  3.8
Dodging        | |  0.6

Action                   |  1- 3 |  4- 6 |  7- 9 || total
-------------------------+-------+-------+-------++-------
Melee: Long sword        |     3 |       |       ||     3
       Short sword       |       |     2 |    70 ||    72
  Use: Potion            |     1 |       |     2 ||     3
Armor: Scale mail        |     2 |       |    24 ||    26
Dodge: Dodged            |     4 |       |    13 ||    17
Block: Shield            |     1 |       |    24 ||    25
       Rpst.: Long sword |     1 |       |       ||     1
